Map: Tourmaline LE

Players

HoldTheDoor

  • Race: Protoss Protoss
  • League: Diamond
  • Spawn Location: 1:00

BigMinus - Winner!

  • Race: Zerg Zerg
  • League: Diamond
  • Spawn Location: 7:00

VOD

Have the link to the VOD?

Description

Time

  • Played on: May 11, 2026, 11:07 a.m.
  • Length: 6:21
Show
View Real Time Build Order
Export as new Build Order

HoldTheDoor Protoss 

Build Orders: 1 Gate Expand, Phoenix Opening 

Get SALT Encoding   

  12  0:00  Probe  
  13  0:12  Probe  
  14  0:19  Pylon  
  14  0:24  Probe  
  15  0:33  Probe  
  15  0:41  Probe  
  16  0:43  Gateway  
  17  0:50  Assimilator  
  17  1:04  Forge  
  17  1:06  Probe  
  18  1:19  Probe  
  19  1:38  Nexus  
  19  1:50  Cybernetics Core  
  19  1:56  Photon Cannon  
  19  1:59  Probe  
  20  2:10  Pylon  
  20  2:11  Probe  
  21  2:23  Probe  
  21  2:25  Stalker  
  24  2:32  Assimilator  
  24  2:36  Probe  
  25  2:48  Stargate  
  25  3:00  Probe x2  
  25  3:02  Pylon  
  25  3:05  Warp Gate  
  27  3:06  Photon Cannon  
  27  3:12  Probe x2  
  29  3:20  Pylon  
  29  3:24  Probe x2  
  31  3:32  Phoenix  
  33  3:36  Probe  
  33  3:39  Photon Cannon  
  34  3:47  Shield Battery  
  34  3:51  Probe  
  34  3:52  Pylon, Probe  
  36  4:02  Photon Cannon  
  36  4:06  Phoenix  
  36  4:09  Probe  
  39  4:10  Probe  
  39  4:15  Assimilator  
  39  4:16  Stalker  
  40  4:22  Probe  
  43  4:29  Pylon, Probe  
  44  4:32  Phoenix  
  44  4:34  Probe  
  47  4:41  Probe  
  48  4:46  Probe  
  52  5:20  Void Ray  
  52  5:23  Probe x2  
  54  5:38  Pylon  
  54  5:40  Stalker  
  54  6:03  Pylon x2  
Show
View Real Time Build Order
Export as new Build Order

BigMinus Zerg - Winner!

Build Orders: Pool Only, Swarm Host 

Get SALT Encoding   

  12  0:08  Drone x2  
  14  0:25  Overlord  
  14  0:36  Spawning Pool  
  14  0:40  Extractor  
  14  0:41  Drone  
  13  0:46  Drone  
  14  0:52  Extractor  
  13  1:03  Drone x2  
  15  1:09  Drone  
  16  1:17  Drone  
  17  1:35  Queen  
  19  1:41  Zergling x2  
  20  1:51  Drone x2  
  22  2:07  Overlord  
  22  2:15  Lair  
  22  2:26  Drone x2  
  24  2:31  Drone  
  25  2:42  Overlord  
  25  3:03  Spore Crawler  
  24  3:08  Spine Crawler  
  23  3:22  Infestation Pit  
  23  3:26  Nydus Network  
  22  3:27  Drone x3  
  24  3:50  Overlord  
  24  3:51  Overlord  
  24  3:58  Swarm Host x3  
  24  3:59  Swarm Host  
  36  4:09  Swarm Host  
  39  4:20  Swarm Host x2  
  45  4:26  Swarm Host  
  48  4:32  Nydus Canal  
  48  4:39  Swarm Host  
  51  5:09  Swarm Host  
  51  5:13  Overlord  
  54  5:17  Nydus Canal  
  54  5:19  Overlord  
  54  5:20  Queen  
  54  5:23  Spore Crawler  
  53  5:51  Nydus Canal  
  53  5:54  Overlord x3  
Tags
 
Add a new tag
Caveats
  • Supply blocks, unpowered buildings, or Contaminate may cause inaccurate times.
  • Supply counts are checked every 10 seconds.